 Seeded DCSS version 0.29-a0-1023-g6ae1a4a2c7 (webtiles) character file.

Game seed: 10904611675432746284 (custom seed)

197 mathmaestro the Grave Robber (level 5, 34/40 HPs)
             Began as a Demonspawn Necromancer on Aug 11, 2022.
             Quit the game on level 4 of the Dungeon.
             The game lasted 00:05:42 (2622 turns).

mathmaestro the Grave Robber (DsNe)                 Turns: 2622, Time: 00:05:43

Health: 34/40      AC:  4    Str:  8    XL:     5   Next: 46%
Magic:  3/18       EV: 12    Int: 18    God:
Gold:   130        SH:  0    Dex: 14    Spells: 2/10 levels left

rFire   . . .      SeeInvis .   i - +0 dagger
rCold   . . .      Faith    .   (no shield)
rNeg    + . .      Spirit   .   a - +0 robe
rPois   .          Reflect  .   (no helmet)
rElec   .          Harm     .   (no cloak)
rCorr   .          Rampage  .   (no gloves)
Will    .....                   (no boots)
Stlth   ++........              (no amulet)
HPRegen 0.13/turn               l - ring of magical power
MPRegen 0.16/turn               o - ring of positive energy

@: no status effects
A: icy blue scales 1, spiny 1
a: no special abilities


You were on level 4 of the Dungeon.
You visited 1 branch of the dungeon, and saw 4 of its levels.

You collected 130 gold pieces.

Inventory:

Hand Weapons
 i - a +0 dagger (weapon)
 m - a +0 falchion
Armour
 a - a +0 robe (worn)
Jewellery
 l - a ring of magical power (left hand)
 o - a ring of positive energy (right hand)
Scrolls
 c - a scroll of enchant weapon {unknown}
 h - a scroll of torment {unknown}
 k - a scroll of vulnerability {unknown}
 n - 2 scrolls of identify {unknown}
 p - 2 scrolls of blinking {unknown}
 q - a scroll of fear {unknown}
 r - 2 scrolls of teleportation {unknown}
 s - a scroll of poison {unknown}
Potions
 b - a potion of magic
 d - a potion of degeneration {unknown}
 e - 2 potions of heal wounds {unknown}
 f - 2 potions of resistance {unknown}
 g - a potion of mutation {unknown}
 j - a potion of curing {unknown}


   Skills:
 + Level 2.9 Fighting
 - Level 2.0 Dodging
 - Level 2.0 Stealth
 + Level 3.3 Spellcasting
 + Level 5.5 Necromancy


You had 2 spell levels left.
You knew the following spells:

 Your Spells              Type           Power      Damage    Failure   Level
a - Necrotise             Necr           88%        1d8       1%          1
b - Vampiric Draining     Necr           22%        2d7       4%          3
c - Animate Dead          Necr           22%        N/A       17%         4

Your spell library contained the following spells:

 Spells                   Type           Power      Damage    Failure   Level
 Ensorcelled Hibernation  Hex/Ice        4%         N/A       24%         2
 Passwall                 Tmut/Erth      1%         N/A       24%         2
 Swiftness                Air            2%         N/A       43%         3
 Agony                    Necr           22%        N/A       43%         5
 Haunt                    Necr/Summ      6%         N/A       100%        7
 Infestation              Necr           11%        N/A       100%        8


Dungeon Overview and Level Annotations

Branches:
Dungeon (4/15)
 Temple: D:4-7

Altars:
Fedhas
Yredelemnul

Shops:
D:1 (

Annotations:
D:3 Grinder


Innate Abilities, Weirdness & Mutations

You are partially covered in icy blue scales. (AC +2)
You are partially covered in sharp spines.


Message History

Aiming: Necrotise (safe; 1% risk of failure)
Press: ? - help, Shift-Dir - straight line, f/p - Blork the orc
Aim: Blork the orc, wielding a +0 broad axe and wearing a +0 robe (moderately wounded, ally target, chance to affect: 80%) Blork the orc barely resists.
Your orc skeleton hits Blork the orc.
Unknown command.
You closely miss Blork the orc.
Blork the orc is moderately wounded.
Your orc skeleton barely misses Blork the orc.
Blork the orc hits you with a +0 broad axe!
Blork the orc hits your orc skeleton with a +0 broad axe.
Blork the orc hits your orc skeleton with a +0 broad axe!
Your orc skeleton is destroyed!
Casting: Necrotise (safe; 1% risk of failure)
Confirm with . or Enter, or press ? or * to list all spells.
Aiming: Vampiric Draining (dangerous; 5% risk of failure)
Press: ? - help, Shift-Dir - straight line, f/p - Blork the orc
Aim: Blork the orc, wielding a +0 broad axe and wearing a +0 robe (moderately wounded, ally target)
You draw life force from Blork the orc!
You feel life coursing into your body! Blork the orc closely misses you.
Blork the orc barely misses your orc skeleton.
Your orc skeleton barely misses Blork the orc.
Unknown command.
You hit Blork the orc but do no damage.
Blork the orc is severely wounded.
Blork the orc hits you with a +0 broad axe.
Blork the orc completely misses your orc skeleton.
Your orc skeleton hits Blork the orc.
Unknown command.
Casting: Vampiric Draining (dangerous; 5% risk of failure)
Confirm with . or Enter, or press ? or * to list all spells.
Aiming: Vampiric Draining (dangerous; 5% risk of failure)
Press: ? - help, Shift-Dir - straight line, f/p - Blork the orc
Aim: Blork the orc, wielding a +0 broad axe and wearing a +0 robe (almost dead, ally target)
You draw life force from Blork the orc!
You kill Blork the orc!
You feel life coursing into your body.
You have reached level 5!
Your demonic ancestry asserts itself...
Sharp spines emerge from parts of your body.
Are you sure you want to abandon this character and quit the game? (Confirm with "yes".)

..#
..###
....
...##
....##.
.......
##Z..#
#@)..#
#)#..#
#.. ##
##..
...
....
.....
......


You could see a friendly orc skeleton.

Vanquished Creatures
  Blork the orc (D:4)
  Jessica (D:2)
  Terence (D:2)
  4 adders
  A worm (D:2)
  3 orcs
  3 endoplasms
  A giant cockroach (D:2)
  2 goblins (D:2)
  4 hobgoblins
  4 ball pythons
  4 bats
  4 frilled lizards
  6 kobolds
  A rat (D:2)
40 creatures vanquished.

Vanquished Creatures (collateral kills)
  2 ball pythons (D:3)
2 creatures vanquished.

Grand Total: 42 creatures vanquished

Notes
Turn   | Place    | Note
-------+----------+-------------------------------------------
     0 | D:1      | mathmaestro the Demonspawn Necromancer began the quest for
                  | the Orb.
     0 | D:1      | Reached XP level 1. HP: 13/13 MP: 3/3
   505 | D:1      | Found Orghoadot's Weapon Shop.
   640 | D:2      | Noticed Jessica
   740 | D:2      | Gained mutation: You are partially covered in icy blue
                  | scales. (AC +2) [demonic ancestry]
   740 | D:2      | Reached XP level 2. HP: 20/20 MP: 0/5
   890 | D:2      | Killed Jessica
   891 | D:2      | Reached skill level 1 in Fighting
   891 | D:2      | Reached XP level 3. HP: 14/26 MP: 0/6
   895 | D:2      | Learned a level 3 spell: Vampiric Draining
  1061 | D:2      | Noticed Terence
  1078 | D:2      | Killed Terence
  1168 | D:2      | Reached XP level 4. HP: 33/33 MP: 4/8
  1319 | D:2      | Learned a level 4 spell: Animate Dead
  1338 | D:2      | Reached skill level 5 in Necromancy
  1692 | D:3      | Found a faded altar of an unknown god.
  1920 | D:3      | Found a basalt altar of Yredelemnul.
  1925 | D:3      | Found a blossoming altar of Fedhas.
  2146 | D:3      | Noticed Grinder
  2147 | D:3      | Paralysed by Grinder for 3 turns
  2612 | D:4      | Noticed Blork the orc
  2621 | D:4      | Killed Blork the orc
  2622 | D:4      | Gained mutation: You are partially covered in sharp spines.
                  | [demonic ancestry]
  2622 | D:4      | Reached XP level 5. HP: 34/40 MP: 3/9
  2622 | D:4      | Quit the game

Illustrated notes

Levels and vault maps discovered:
D:1:      psy_arrival_fountain, layout_basic, serial_shops, shop_statue
D:2:      layout_rooms, minmay_misc_feat_nine_boxes, uniq_jessica, uniq_terence
D:3:      layout_basic, nicolae_overflow_squiral,
          shapermc_ecumenical_altar_mp_ritualfount, uniq_grinder
D:4:      layout_loops_corners, mainiacjoe_overflow_cross_hatched,
          corexii_shack, glass_columns_c, uniq_menkaure, uniq_blork_the_orc,
          uniq_ijyb

Skill      XL: |  1  2  3  4 |
---------------+-------------+-----
Stealth        | 2 |  2.0
Fighting       | 1 2 |  2.9
Dodging        | 2 |  2.0
Necromancy     | 5 |  5.5
Spellcasting   | 3 |  3.3

Action                   |  1- 3 |  4- 6 || total
-------------------------+-------+-------++-------
Melee: Club              |     2 |       ||     2
       Dagger            |     6 |     9 ||    15
 Cast: Necrotise         |    31 |    54 ||    85
       Vampiric Draining |       |     2 ||     2
 Stab: Distracted        |     1 |       ||     1
       Sleeping          |       |     1 ||     1
Armor: Robe              |     2 |    18 ||    20
Dodge: Dodged            |     5 |    34 ||    39

Table legend: (Time is in decaauts)
 A = Elapsed time spent in this place.
 B = Non-inter-level travel time spent in this place.
 C = Inter-level travel time spent in this place.
 D = Time resting spent in this place.
 E = Time spent auto-exploring this place.
 F = Levels seen in this place.
 G = Mean time per level.
                   A        B        C        D        E       F      G
               +--------+--------+--------+--------+--------+-----+--------+
         Total |   2628 |   2526 |    102 |    610 |   1486 |   4 |  657.0 |
       Dungeon |   2628 |   2526 |    102 |    610 |   1486 |   4 |  657.0 |
               +--------+--------+--------+--------+--------+-----+--------+

Top non-repeatable levels by time:
     D:2: 1267 daAuts
     D:3: 728 daAuts
     D:1: 616 daAuts
     D:4: 16 daAuts
